 Dungeon Crawl Stone Soup version 0.26.1-2-gb8aa6d0cf2 (webtiles) character file.

Game seed: 4621515756383152106

67267 Amaterasu the Stickfighter (level 14, -1/137 HPs)
             Began as a Minotaur Gladiator on Feb 14, 2021.
             Was the Champion of the Shining One.
             Slain by a meliai
             ... wielding a +0 hand axe
              (9 damage)
             ... on level 12 of the Dungeon.
             The game lasted 00:26:45 (19027 turns).

Amaterasu the Stickfighter (Minotaur Gladiator)    Turns: 19027, Time: 00:26:46

Health: -1/137     AC: 33    Str: 29    XL:     14   Next: 82%
Magic:  19/19      EV: 17    Int:  5    God:    the Shining One [******]
Gold:   1590       SH:  0    Dex: 23    Spells: 13/13 levels left

rFire    + . .     SeeInvis +   n - +3 lajatang
rCold    . . .     Faith    .   (shield currently unavailable)
rNeg     + + +     Spirit   .   H - +9 chain mail of the Teacher {+Fly rF+ Str-5 Dex+4}
rPois    .         Reflect  .   c - +1 hat
rElec    .         Harm     .   w - +2 cloak
rCorr    .         Rampage  .   L - +0 pair of gloves
Will     +....                  o - +0 pair of boots
Stlth    ..........             (no amulet)
HPRegen  0.32/turn              E - ring of Nokaemn {Str+6 Dex+5 SInv}
MPRegen  0.16/turn              q - +6 ring of strength

@: confused, divine shield, glowing
A: retaliatory headbutt, horns 2, talons 1, molten scales 1, yellow scales 1,
evolution 1, subdued magic 1
a: Renounce Religion, Evoke Flight, Divine Shield, Cleansing Flame, Summon
Divine Warrior, Brand Weapon With Holy Wrath


You were on level 12 of the Dungeon.
You worshipped the Shining One.
The Shining One was exalted by your worship.
You visited 2 branches of the dungeon, and saw 18 of its levels.

You collected 1590 gold pieces.

Inventory:

Hand Weapons
 n - a +3 lajatang (weapon)
Missiles
 d - 3 throwing nets (quivered)
Armour
 c - a +1 hat (worn)
 o - a +0 pair of boots (worn)
 w - a +2 cloak (worn)
 H - the +9 chain mail of the Teacher (worn) {+Fly rF+ Str-5 Dex+4}
   (You found it on level 4 of the Lair of Beasts)

   It affects your strength (-5).
   It affects your dexterity (+4).
   It protects you from fire.
   It lets you fly.
 L - a +0 pair of gloves (worn)
Jewellery
 a - an uncursed ring of protection from cold
 g - an uncursed ring of protection from fire
 q - a +6 ring of strength (right hand)
 s - a +6 ring of intelligence
 u - an uncursed ring of magical power
 y - an uncursed ring of resist corrosion
 E - the ring of Nokaemn (left hand) {Str+6 Dex+5 SInv}
   (You found it on level 9 of the Dungeon)

   [ring of strength]

   It affects your strength (+6).
   It affects your dexterity (+5).
   It lets you see invisible.
Wands
 k - a wand of disintegration (21)
 p - a wand of enslavement (3)
 t - a wand of polymorph (10)
 C - a wand of iceblast (11)
 F - a wand of flame (55)
Scrolls
 b - 3 scrolls of amnesia
 f - 12 scrolls of teleportation
 m - 2 scrolls of fog
 r - 14 scrolls of remove curse
 v - a scroll of identify
 x - a scroll of enchant armour
 D - 2 scrolls of magic mapping
 G - 2 scrolls of blinking
Potions
 e - 4 potions of lignification
 h - 5 potions of heal wounds
 i - 5 potions of brilliance
 j - 2 potions of resistance
 l - a potion of curing
 z - 3 potions of mutation
 A - a potion of attraction
 B - a potion of berserk rage
 I - a potion of might
 J - a potion of ambrosia
 K - a potion of haste
Miscellaneous
 N - a tin of tremorstones (2/2)


   Skills:
 - Level 16.0 Fighting
 - Level 18.0 Staves
 - Level 2.0 Throwing
 * Level 12.0 Armour
 * Level 9.9 Dodging
 * Level 8.1 Invocations
 * Level 4.7 Evocations


You had 13 spell levels left.
You didn't know any spells.
Your spell library contained the following spells:

 Spells                   Type           Power        Failure   Level
 Apportation              Tloc           0%           88%         1
 Magic Dart               Conj           0%           88%         1
 Sandblast                Erth           0%           88%         1
 Shock                    Conj/Air       0%           88%         1
 Blink                    Tloc           N/A          96%         2
 Call Imp                 Summ           0%           96%         2
 Passwall                 Tmut/Erth      0%           96%         2
 Poisonous Vapours        Pois/Air       0%           96%         2
 Slow                     Hex            0%           96%         2
 Swiftness                Air            0%           96%         2
 Confusing Touch          Hex            0%           99%         3
 Conjure Flame            Conj/Fire      0%           99%         3
 Gell's Gravitas          Tloc           0%           99%         3
 Lesser Beckoning         Tloc           0%           99%         3
 Mephitic Cloud           Conj/Pois/Air  0%           99%         3
 Static Discharge         Conj/Air       0%           99%         3
 Stone Arrow              Conj/Erth      0%           99%         3
 Tukima's Dance           Hex            0%           99%         3
 Airstrike                Air            0%           100%        4
 Ice Form                 Ice/Tmut       0%           100%        4
 Petrify                  Tmut/Erth      0%           100%        4
 Alistair's Intoxication  Tmut/Pois      0%           100%        5
 Bolt of Magma            Conj/Fire/Erth 0%           100%        5
 Fireball                 Conj/Fire      0%           100%        5
 Iskenderun's Battlesphe  Conj           0%           100%        5
 Lee's Rapid Deconstruct  Erth           0%           100%        5
 Lightning Bolt           Conj/Air       0%           100%        5
 Metabolic Englaciation   Hex/Ice        0%           100%        5
 Summon Forest            Summ/Tloc      0%           100%        5
 Yara's Violent Unravell  Hex/Tmut       0%           100%        5
 Freezing Cloud           Conj/Ice/Air   0%           100%        6
 Invisibility             Hex            0%           100%        6
 Iron Shot                Conj/Erth      0%           100%        6
 Ozocubu's Refrigeration  Ice            0%           100%        6
 Simulacrum               Ice/Necr       0%           100%        6
 Starburst                Conj/Fire      0%           100%        6
 Orb of Destruction       Conj           0%           100%        7
 Spellforged Servitor     Conj/Summ      0%           100%        7


Dungeon Overview and Level Annotations

Branches:
Dungeon (12/15)            Temple (0/1) D:4            Lair (6/6) D:11
  Swamp (0/4) Lair:2       Spider (0/4) Lair:2        Slime (0/5) Lair:6
    Orc (0/2) D:10

Altars:
Cheibriados
Dithmenos
Fedhas
Gozag
Kikubaaqudgha
Makhleb
Nemelex Xobeh
Okawaru
Qazlal
Vehumet
Xom
Yredelemnul
The Shining One
Jiyva

Annotations:
D:3 2 transporters, Nebesus's ghost, amateur GrFi
Lair:2 3 runed translucent doors, Fycosuor's ghost, journeyman DrCj


Innate Abilities, Weirdness & Mutations

You reflexively headbutt those who attack you in melee.
You have a pair of horns on your head.
You have sharp toenails.
You are partially covered in molten scales. (AC +2)
You are partially covered in yellow scales. (AC +2)
You evolve.
Your spells are a little easier to cast, but a little less powerful.


Message History

You headbutt the killer bee. The meliai hits you but does no damage.
The meliai barely misses you.
You are confused.
You feel invigorated.
The killer bee stings you but does no damage.
The meliai invokes the aid of its god against you.
Something smites you!
* * * LOW HITPOINT WARNING * * *
The killer bee completely misses you. The meliai hits you but does no damage.
The meliai completely misses you.
You hear an angry buzzing noise.
You're too confused to move!
The killer bee is no longer berserk.
The killer bee stings you.
* * * LOW HITPOINT WARNING * * *
The meliai completely misses you. The meliai misses you.
The killer bee closely misses you.
You hit the meliai.
The meliai is heavily wounded.
The meliai hits you with a +0 hand axe!
You die...

.# ######.####
+.!.†..# #.........#
#...†!.# #.........#
#......# ##.....>...#
.....†# ............
yyZ†.# ##.........#
..†† #...>.....#
###y# ###.#######
#@yy# #...# #y###
###.# #.# #.#
###.#### ####.##
#......# ###.....#
#......#
........######......#
###.....##..........#
#.....(.†###......#


You could see a meliai and 3 killer bees.

Vanquished Creatures
  5 catoblepae (Lair:6)
  8 hydras
  A boulder beetle (D:11)
  A two-headed ogre (D:8)
  8 death yaks
  The ghost of Gypyx the Carver, a novice MiFi of Ru (D:9)
  A dancing weapon (D:9)
  Nergalle (Lair:2)
  Sonja (Lair:6)
  An unseen horror (D:12)
  A lindwurm (Lair:4)
  Pikel (D:4)
  4 manticores
  A will-o-the-wisp (Lair:2)
  An ugly thing (D:12)
  A cyclops (D:12)
  11 elephants
  4 black mambas
  A gargoyle (D:11)
  A torpor snail (Lair:6)
  14 cane toads
  A kobold demonologist (D:12)
  6 rime drakes
  10 komodo dragons
  3 trolls
  5 polar bears
  2 queen bees
  A meliai (D:12)
  A hornet (D:12)
  Grinder (D:5)
  3 jumping spiders (Lair:2)
  19 blink frogs
  A meliai zombie (D:12)
  6 dream sheep (Lair:6)
  10 wyverns
  4 spriggans
  3 redbacks (Lair:2)
  4 basilisks
  56 yaks
  3 steam dragons (Lair:2)
  Eustachio (D:5)
  An acid dragon (D:12)
  Edmund (D:4)
  2 wargs (D:11)
  Duvessa (D:5)
  12 water moccasins
  7 orc warriors
  2 sky beasts
  2 ice beasts
  3 black bears
  3 phantoms
  A necrophage (D:8)
  11 ogres
  6 wolves
  6 big kobolds
  7 centaurs
  Blork the orc (D:4)
  14 bullfrogs
  A gnoll sergeant (D:10)
  Dowan (D:5)
  2 scorpions
  39 killer bees
  17 wights
  An electric eel (Lair:5)
  3 howler monkeys
  A crimson imp (D:3)
  A quasit (D:10)
  5 centaur skeletons
  2 bullfrog skeletons
  5 hounds
  4 jellies
  13 orc wizards
  6 orc priests
  8 iguanas
  Ijyb (D:3)
  9 hell rats
  7 worker ants
  A killer bee zombie (D:3)
  A hound zombie (D:5)
  A worker ant zombie (D:11)
  6 gnolls
  21 adders
  4 shadow imps
  5 white imps
  4 ufetubi
  2 oozes
  3 worms
  A dart slug (D:1)
  7 leopard geckos
  50 orcs
  3 ball pythons
  5 giant cockroaches
  12 goblins
  6 hobgoblins
  16 jackals
  21 kobolds
  2 quokkas
  4 bats
  5 frilled lizards
  2 jackal skeletons
  11 rats
  A butterfly (Lair:3)
608 creatures vanquished.

Vanquished Creatures (others)
  A killer bee (Lair:2)
  30 fungi
  29 plants
60 creatures vanquished.

Grand Total: 668 creatures vanquished

Notes
Turn   | Place    | Note
-------+----------+-------------------------------------------
     0 | D:1      | Amaterasu the Minotaur Gladiator began the quest for the
                  | Orb.
     0 | D:1      | Reached XP level 1. HP: 18/18 MP: 0/0
    27 | D:1      | Reached skill level 4 in Staves
    44 | D:1      | Reached XP level 2. HP: 25/25 MP: 1/1
   229 | D:1      | Found a glowing golden altar of the Shining One.
   279 | D:1      | Became a worshipper of the Shining One
   377 | D:1      | Reached XP level 3. HP: 30/30 MP: 2/2
   775 | D:2      | Reached skill level 5 in Staves
   809 | D:2      | Found a stormy altar of Qazlal.
  1019 | D:2      | Found an opulent altar of Gozag.
  1019 | D:2      | Found a blossoming altar of Fedhas.
  1019 | D:2      | Reached * piety under the Shining One
  1020 | D:2      | Found a shadowy altar of Dithmenos.
  1027 | D:2      | Reached XP level 4. HP: 31/38 MP: 3/3
  1465 | D:3      | Reached skill level 6 in Staves
  1491 | D:3      | Reached XP level 5. HP: 46/46 MP: 4/4
  1502 | D:3      | Reached skill level 5 in Fighting
  1555 | D:3      | Noticed Ijyb
  1561 | D:3      | Killed Ijyb
  1562 | D:3      | Reached skill level 1 in Invocations
  1641 | D:3      | Found a burning altar of Makhleb.
  1641 | D:3      | Found a shimmering altar of Xom.
  1773 | D:3      | Found a blossoming altar of Fedhas.
  1779 | D:3      | Reached XP level 6. HP: 56/56 MP: 6/6
  2028 | D:3      | Found a transporter.
  2029 | D:3      | Found a transporter.
  2029 | D:3      | Noticed Nebesus's ghost (amateur GrFi)
  2122 | D:3      | Reached skill level 1 in Armour
  2541 | D:4      | Noticed Blork the orc
  2548 | D:4      | Killed Blork the orc
  2646 | D:4      | Reached XP level 7. HP: 24/63 MP: 7/7
  2895 | D:4      | Found a basalt altar of Yredelemnul.
  2895 | D:4      | Found an ancient bone altar of Kikubaaqudgha.
  2903 | D:4      | Found a radiant altar of Vehumet.
  2905 | D:4      | Found an iron altar of Okawaru.
  2907 | D:4      | Found a sparkling altar of Nemelex Xobeh.
  2940 | D:4      | Noticed Pikel
  2965 | D:4      | Killed Pikel
  2966 | D:4      | Reached XP level 8. HP: 59/74 MP: 8/8
  3083 | D:4      | Reached skill level 5 in Dodging
  3160 | D:4      | Reached ** piety under the Shining One
  3162 | D:4      | Found a staircase to the Ecumenical Temple.
  3200 | D:4      | Noticed Edmund
  3203 | D:4      | Found a shimmering altar of Xom.
  3215 | D:4      | Killed Edmund
  3216 | D:4      | Reached skill level 7 in Staves
  3622 | D:5      | Entered Level 5 of the Dungeon
  3694 | D:5      | Reached skill level 8 in Staves
  3805 | D:5      | Noticed Eustachio
  3840 | D:5      | Reached skill level 9 in Staves
  3858 | D:5      | Killed Eustachio
  3983 | D:5      | Noticed Dowan
  3985 | D:5      | Noticed Duvessa
  3999 | D:5      | Killed Duvessa
  4000 | D:5      | Reached XP level 9. HP: 59/81 MP: 10/10
  4002 | D:5      | Killed Dowan
  4003 | D:5      | Reached skill level 10 in Staves
  4143 | D:5      | Noticed Grinder
  4152 | D:5      | Killed Grinder
  4692 | D:6      | Reached *** piety under the Shining One
  4727 | D:6      | Reached skill level 1 in Evocations
  4911 | D:6      | Reached skill level 11 in Staves
  5283 | D:6      | Found a snail-covered altar of Cheibriados.
  5755 | D:7      | Reached skill level 5 in Armour
  6229 | D:8      | Identified Zarhiori's Volume of Arcane Weapons and the
                  | Traveller
  6308 | D:8      | Noticed a two-headed ogre
  6314 | D:8      | Killed a two-headed ogre
  6315 | D:8      | Reached XP level 10. HP: 72/91 MP: 12/12
  6324 | D:8      | Reached skill level 12 in Staves
  6823 | D:8      | Reached **** piety under the Shining One
  7075 | D:8      | Gained mutation: You have sharp toenails. [potion of
                  | mutation]
  7075 | D:8      | Gained mutation: You evolve. [potion of mutation]
  7289 | D:9      | Found a runed translucent door.
  7290 | D:9      | Found a shimmering altar of Xom.
  7290 | D:9      | Noticed Gypyx's ghost (novice MiFi)
  7290 | D:9      | Noticed a +2 war axe of chaos
  7305 | D:9      | Killed a +2 war axe of chaos
  7306 | D:9      | Reached skill level 5 in Invocations
  7314 | D:9      | Killed Gypyx's ghost
  7315 | D:9      | Reached skill level 13 in Staves
  7674 | D:9      | Got a crude iron ring
  7853 | D:9      | Identified the ring of Nokaemn {Str+6 Dex+5 SInv} (You
                  | found it on level 9 of the Dungeon)
  7901 | D:10     | Entered Level 10 of the Dungeon
  7952 | D:10     | Found an iron altar of Okawaru.
  8346 | D:10     | Found a staircase to the Orcish Mines.
  8365 | D:10     | Reached XP level 11. HP: 77/99 MP: 14/14
  8652 | D:10     | Reached skill level 10 in Fighting
  9142 | D:11     | Reached ***** piety under the Shining One
  9150 | D:11     | Reached skill level 14 in Staves
  9197 | D:11     | Found a staircase to the Lair.
  9551 | D:11     | Noticed a boulder beetle
  9575 | D:11     | Killed a boulder beetle
 10073 | Lair:1   | Entered Level 1 of the Lair of Beasts
 10499 | Lair:1   | Gained mutation: You are partially covered in molten
                  | scales. (AC +2) [evolution]
 10992 | Lair:2   | Noticed Nergalle
 11003 | Lair:2   | Killed Nergalle
 11072 | Lair:2   | Found a hole to the Spider Nest.
 11095 | Lair:2   | Reached XP level 12. HP: 96/112 MP: 16/16
 11158 | Lair:2   | Noticed a five-headed hydra
 11164 | Lair:2   | Killed a five-headed hydra
 11246 | Lair:2   | Found a runed translucent gate.
 11246 | Lair:2   | Found a runed translucent gate.
 11286 | Lair:2   | Reached skill level 15 in Staves
 11606 | Lair:2   | Found a runed translucent gate.
 11607 | Lair:2   | Noticed a minotaur
 11607 | Lair:2   | Noticed Fycosuor's ghost (journeyman DrCj)
 11949 | Lair:2   | Noticed a six-headed hydra
 11962 | Lair:2   | Killed a six-headed hydra
 12194 | Lair:2   | Reached skill level 10 in Armour
 12694 | Lair:2   | Gained mutation: You are partially covered in yellow
                  | scales. (AC +2) [evolution]
 12834 | Lair:2   | Found a staircase to the Swamp.
 12979 | Lair:3   | Found an iron altar of Okawaru.
 13001 | Lair:3   | Reached XP level 13. HP: 81/122 MP: 17/17
 14349 | Lair:4   | Identified the +9 chain mail of the Teacher {+Fly rF+ Str-5
                  | Dex+4} (You found it on level 4 of the Lair of Beasts)
 14455 | Lair:4   | Reached skill level 16 in Staves
 15161 | Lair:5   | Reached skill level 17 in Staves
 16275 | Lair:6   | Entered Level 6 of the Lair of Beasts
 16295 | Lair:5   | Reached skill level 18 in Staves
 16385 | Lair:6   | Noticed Sonja
 16395 | Lair:6   | Killed Sonja
 16594 | Lair:6   | Reached XP level 14. HP: 101/133 MP: 18/18
 16629 | Lair:6   | Gained mutation: Your spells are a little easier to cast,
                  | but a little less powerful. [evolution]
 16913 | Lair:6   | Found a staircase to the Slime Pits.
 16913 | Lair:6   | Found a viscous altar of Jiyva.
 17512 | Lair:6   | Reached skill level 15 in Fighting
 18985 | D:12     | Reached ****** piety under the Shining One
 19025 | D:12     | HP: 5/137 [meliai/divine providence (15)]
 19027 | D:12     | Slain by a meliai

Illustrated notes

Levels and vault maps discovered:
D:1:      lightli_iron_boxes, layout_basic, tso_metal_star
D:2:      layout_basic, chequers_temple_overflow_statue_of_worship,
          lemuel_doored_altar, amcnicky_mini_pool_small
D:3:      layout_basic, grunt_temple_overflow_champion_of_chaos,
          gammafunk_ghost_smash, minivault_11, grunt_decor_one_mirror,
          fedhas_altar_3, uniq_ijyb
D:4:      layout_rooms, chequers_temple_overflow_minitemple,
          minmay_temple_entry_junction_2, tgw_xom, uniq_pikel, uniq_edmund,
          uniq_blork_the_orc
D:5:      cheibrodos_barr_body, layout_cave_pools, minmay_chambers_of_fives,
          uniq_eustachio, uniq_duvessa, uniq_grinder
D:6:      layout_loops_ring, kennysheep_mini_moat
D:7:      layout_basic
D:8:      layout_loops_ring
D:9:      layout_irregular_city, ebering_ghost_xom
D:10:     layout_stronghold, kennysheep_orc_monster_closet_entryway,
          hangedman_decor_clover_reticule, palyth_stone_intersect,
          okawaru_ov_weapons_minmay
D:11:     layout_roguey, erik_lair_orcish_takeover, the_bakery
D:12:     layout_roguey [special_room_bee]
Lair:1:   layout_chaotic_city
Lair:2:   regret_index_combs_of_tragedy, layout_regular_city,
          minmay_swamp_entry_wisps, nicolae_spider_entry_tight_spaces,
          maelrawn_ghost_gauntlet_escape, uniq_nergalle
Lair:3:   layout_cave_pods, lemuel_centaur_altar, lemuel_fruit_fields
Lair:4:   wad_woods_settlement, layout_long_grid, wad_woods_03, uniq_nessos
Lair:5:   layout_cave_pods, grunt_megastairs_4, lemuel_fruit_tree,
          serial_bayou_shore_a
Lair:6:   evilmike_catoblepas_cave, layout_long_grid, slime_altar_1,
          hangedman_lair_generics_rect, lemuel_fruit_fields,
          infiniplex_staircase_pool_2, lemuel_fruit_fields,
          serial_bayou_shore_b, uniq_sonja

Skill      XL: |  1  2  3  4  5  6  7  8  9 10 11 12 13 14 |
---------------+-------------------------------------------+-----
Staves         | 4 5 6 9 11 13 14 15 18 | 18.0
Fighting       | 3 4 5 6 7 8 9 11 13 14 16 | 16.0
Invocations    | 2 3 4 5 6 7 8 |  8.1
Armour         | 2 4 5 6 7 10 12 | 12.0
Dodging        | 4 5 6 7 8 9 |  9.9
Evocations     | 2 3 4 |  4.7
Throwing       | |  2.0

Action                   |  1- 3 |  4- 6 |  7- 9 | 10-12 | 13-15 || total
-------------------------+-------+-------+-------+-------+-------++-------
Melee: Quarterstaff      |    77 |   102 |   123 |       |       ||   302
       Headbutt          |     6 |    11 |    54 |   128 |   187 ||   386
       Lajatang          |       |       |   148 |   477 |   509 ||  1134
Invok: Divine Shield     |       |       |     1 |     5 |     5 ||    11
Evoke: Wand              |       |       |       |    18 |    10 ||    28
  Use: Scroll            |     4 |     3 |    12 |    13 |     7 ||    39
       Potion            |       |       |       |     6 |     1 ||     7
Armor: Leather armour    |     7 |       |       |       |       ||     7
       Ring mail         |    15 |    35 |    92 |    66 |       ||   208
       Chain mail        |       |       |       |   135 |   268 ||   403
Dodge: Dodged            |    57 |    57 |   177 |   330 |   358 ||   979
Block: Other             |       |       |     5 |    47 |    76 ||   128
